 Dungeon Crawl Stone Soup version 0.29-a0-330-g52719c12eb (webtiles) character file.

Game seed: 8116733415507567372

35 inmateoo the Skirmisher (level 3, 0/29 HPs)
             Began as a Demonspawn Fighter on Apr 28, 2022.
             Slain by Sigmund
             ... wielding a +0 scythe of protection
              (7 damage)
             ... on level 2 of the Dungeon.
             The game lasted 00:01:09 (1196 turns).

inmateoo the Skirmisher (Demonspawn Fighter)        Turns: 1196, Time: 00:01:09

Health: 0/29       AC: 11    Str: 16    XL:     3   Next: 16%
Magic:  3/3        EV:  4    Int:  9    God:
Gold:   40         SH:  5    Dex: 16    Spells: 2/2 levels left

rFire   . . .      SeeInvis .     - Unarmed
rCold   . . .      Faith    .   b - +0 buckler
rNeg    . . .      Spirit   .   g - +0 plate armour
rPois   .          Reflect  .   (no helmet)
rElec   .          Harm     .   (no cloak)
rCorr   .          Rampage  .   (no gloves)
Will    .....                   (no boots)
Stlth   ..........              (no amulet)
HPRegen 0.09/turn               f - +4 ring of slaying
MPRegen 0.08/turn               (no ring)

@: no status effects
A: thin skeletal structure 1, powered by death 1
a: no special abilities


You were on level 2 of the Dungeon.
You visited 1 branch of the dungeon, and saw 2 of its levels.

You collected 40 gold pieces.

Inventory:

Armour
 b - a +0 buckler (worn)
 g - a +0 plate armour (worn)
Jewellery
 f - a +4 ring of slaying (left hand)
Scrolls
 e - a scroll of fear {unknown}
Potions
 a - a potion of berserk rage
 c - 2 potions of might
 h - a potion of heal wounds {unknown}
 i - a potion of attraction {unknown}
 j - a potion of curing {unknown}


   Skills:
 + Level 3.2 Fighting
 + Level 3.0 Armour
 + Level 0.0 Dodging
 + Level 3.0 Shields
 * Level 2.4 Unarmed Combat


You had 2 spell levels left.
You didn't know any spells.
Your spell library was empty.

Dungeon Overview and Level Annotations

Branches:
Dungeon (2/15)

Altars:

Annotations:
D:2 Sigmund


Innate Abilities, Weirdness & Mutations

You have a somewhat thin skeletal structure. (Dex +2, Stealth+)
You regenerate a little health from kills.


Message History

An endoplasm is nearby!
You hit the endoplasm but do no damage.
The endoplasm hits you but does no damage.
You hit the endoplasm.
The endoplasm is almost dead.
The endoplasm freezes you.
You are frozen.
You punch the endoplasm!
You kill the endoplasm!
No target in view!
j - a red potion No target in view!
Sigmund the Dreaded comes into view.
He is wielding a +0 scythe of protection and carrying a wand of flame (15).
Sigmund shouts!
You hear a shout!
Sigmund mumbles some strange words.
Sigmund flickers and vanishes!
Deactivating autopickup; reactivate with Ctrl-A.
No target in view!
There is a strange disturbance nearby!
As you read the scroll of identify, it crumbles to dust.
a - a potion of berserk rage Something hits you.
Something hits you.
A hobgoblin comes into view.
You hear a zap.
A puff of flame appears from out of thin air!
The puff of flame hits you.
You hear a zap.
A puff of flame appears from out of thin air!
The puff of flame hits you but does no damage.
You hear a zap.
A puff of flame appears from out of thin air!
The puff of flame hits you.
* * * LOW HITPOINT WARNING * * *
Something tries to affect you, but you resist.
A magic dart appears from out of thin air!
The magic dart hits you.
* * * LOW HITPOINT WARNING * * *
Something hits you!
You die...

......###..........#......
........#........).#......
........+..............(..
#....####'#######......
####.####.#######......
#..............'......
#.#.{###.#######......
.##+#..........# #......
.......@##.###.###......
...........#.......#####
........#..#.#.....#
...........#.#.....###
#...#<.....#..........
#...####...#..........# ###
#..........+............ ..####
#########..#............
.....#######.....................


There were no monsters in sight!

Vanquished Creatures
  2 ball pythons
  5 endoplasms
  3 giant cockroaches (D:1)
  5 goblins
  3 quokkas (D:1)
  3 bats (D:1)
  2 frilled lizards (D:1)
  4 kobolds
  4 rats (D:1)
31 creatures vanquished.

Notes
Turn   | Place    | Note
-------+----------+-------------------------------------------
     0 | D:1      | inmateoo the Demonspawn Fighter began the quest for the
                  | Orb.
     0 | D:1      | Reached XP level 1. HP: 18/18 MP: 1/1
   301 | D:1      | Gained mutation: You regenerate a little health from kills.
                  | [demonic ancestry]
   301 | D:1      | Reached XP level 2. HP: 24/24 MP: 2/2
   549 | D:1      | Found a faded altar of an unknown god.
   793 | D:1      | Gained mutation: You have a somewhat thin skeletal
                  | structure. (Dex +2, Stealth+) [demonic ancestry]
   793 | D:1      | Reached XP level 3. HP: 29/29 MP: 3/3
  1183 | D:2      | Noticed Sigmund
  1196 | D:2      | Slain by Sigmund

Illustrated notes

Levels and vault maps discovered:
D:1:      onia_arrival_pyramid, layout_loops_corners,
          chequers_ecumenical_altar_simple
D:2:      layout_basic, uniq_crazy_yiuf_cottage, uniq_jessica, uniq_sigmund

Skill      XL: |  1  2  3 |
---------------+----------+-----
Unarmed Combat | 2 |  2.4
Armour         | 3 |  3.0
Shields        | 3 |  3.0
Fighting       | |  3.2

Action                   || total
-------------------------++-------
Melee: Unarmed           ||    97
  Use: Scroll            ||     2
Armor: Scale mail        ||    23
       Plate armour      ||    32
Dodge: Dodged            ||    40
Block: Buckler           ||    18

Table legend: (Time is in decaauts)
 A = Elapsed time spent in this place.
 B = Non-inter-level travel time spent in this place.
 C = Inter-level travel time spent in this place.
 D = Time resting spent in this place.
 E = Time spent auto-exploring this place.
 F = Levels seen in this place.
 G = Mean time per level.
                   A        B        C        D        E       F      G
               +--------+--------+--------+--------+--------+-----+--------+
         Total |   1195 |   1162 |     33 |    142 |    769 |   2 |  597.5 |
       Dungeon |   1195 |   1162 |     33 |    142 |    769 |   2 |  597.5 |
               +--------+--------+--------+--------+--------+-----+--------+

Top non-repeatable levels by time:
     D:1: 1042 daAuts
     D:2: 153 daAuts
